AoeStats
← Arnold Schwarzenegger

Arena

509786004Analyzed
3v3 RM · 6d ago on Sep 28, 2026· 27m 41s· 6 players
Game mode
Random Map
Map size
Normal (6 player)
Population
200
Speed
Normal
Resources
Standard
Victory
Conquest
Starting age
Dark Age
Ending age
Imperial Age
RankedLock teamsTeams togetherTeam positionsShared explorationLock speedFull tech treeHidden civsTurbo modeCheats
Victory
Defeat
🇨🇳 Koreans · China
933
+13
🇨🇱 Cumans · Chile
931
+13
🇨🇦 Franks · Canada
925
+14
🇲🇽 Romans · Mexico
1000
-55
🇲🇽 Burgundians · Mexico
813
-28
🇲🇽 Hindustanis · Mexico
813
-28
AB14
12:12 Feudal Age
16:36 Castle Age
14:30 Double-Bit Axe
17:38 Bow Saw
18:20 Stone Mining
21:53 Squires
no201709
12:52 Feudal Age
11:08 Loom
13:27 Town Watch
16:28 Castle Age
14:17 Double-Bit Axe
16:16 Fletching
20:35 Gold Mining
23:24 Bow Saw
26:16 Wheelbarrow
26:13 Horse Collar
Zealot
7:04 Loom
10:26 Feudal Age
11:17 Double-Bit Axe
12:14 Wheelbarrow
12:33 Horse Collar
20:40 Castle Age
21:34 Forging
21:30 Scale Barding Armor
21:39 Bloodlines
21:51 Hand Cart
21:30 Gold Mining
22:12 Bow Saw
22:52 Iron Casting
24:14 Stone Mining
25:03 Gold Shaft Mining
Terry Crews
11:01 Feudal Age
11:31 Horse Collar
13:37 Heavy Plow
14:29 Wheelbarrow
21:25 Castle Age
20:21 Forging
22:26 Scale Barding Armor
23:07 Cavalier
25:15 Iron Casting
LegolasJr
10:08 Feudal Age
11:32 Wheelbarrow
10:53 Double-Bit Axe
13:45 Gold Mining
13:42 Horse Collar
20:45 Castle Age
20:15 Scale Barding Armor
20:21 Forging
21:47 Hand Cart
25:03 Chain Barding Armor
25:18 Iron Casting
Arnold Schwarzenegger
11:50 Feudal Age
15:42 Gold Mining
Connection lost

Rejoining the realm…

Still unreachable

The connection could not be restored.

Session expired

The server has moved on; the page needs a fresh start.